 Dungeon Crawl Stone Soup version 0.19.1 (webtiles) character file.

1264 shmeve the Chopper (level 8, -3/73 HPs)
             Began as a Minotaur Berserker on Nov 25, 2016.
             Was a Priest of Trog.
             Shot with an arrow by a centaur (6 damage)
             ... on level 5 of the Dungeon.
             The game lasted 00:07:07 (3077 turns).

shmeve the Chopper (Minotaur Berserker)             Turns: 3077, Time: 00:07:07

Health: -3/73      AC:  2    Str: 23    XL:     8   Next: 27%
Magic:  7/7        EV: 14    Int:  4    God:    Trog [***...]
Gold:   166        SH:  0    Dex: 11    Spells: 0 memorised, 7 levels left

rFire  . . .     SeeInvis .     h - +0 war axe
rCold  + . .     Gourm    .     b - +0 animal skin
rNeg   . . .     Faith    .     (no shield)
rPois  .         Spirit   .     (helmet restricted)
rElec  .         Reflect  .     (no cloak)
rCorr  +         Harm     +     (no gloves)
MR     .....                    (no boots)
Stlth  +.........               s - amulet of harm
                                u - ring of resist corrosion
                                f - ring of protection from cold

@: no status effects
A: retaliatory headbutt, horns 2
a: Berserk, Trog's Hand, Burn Spellbooks, Renounce Religion


You were on level 5 of the Dungeon.
You worshipped Trog.
Trog was most pleased with you.
You were not hungry.

You visited 1 branch of the dungeon, and saw 5 of its levels.

You collected 166 gold pieces.

Inventory:

Hand Weapons
 h - a +0 war axe (weapon)
Missiles
 e - 10 tomahawks (quivered)
 q - 2 javelins
Armour
 b - a +0 animal skin (worn)
Jewellery
 f - a ring of protection from cold (left hand)
 s - an amulet of harm (around neck)
 u - a ring of resist corrosion (right hand)
Scrolls
 a - 2 scrolls of identify {unknown}
 d - 4 scrolls of teleportation {unknown}
 g - 2 scrolls of random uselessness {unknown}
 j - 2 scrolls of noise {unknown}
 m - a scroll of recharging {unknown}
 n - 2 scrolls of enchant weapon {unknown}
 o - a scroll of fear {unknown}
 p - a scroll of immolation {unknown}
 w - 4 scrolls of remove curse {unknown}
 x - a scroll of blinking {unknown}
 y - a scroll of magic mapping {unknown}
Potions
 i - 2 potions of cancellation {unknown}
 k - a potion of agility {unknown}
 l - a potion of degeneration {unknown}
 r - 3 potions of curing {unknown}
 t - a potion of resistance {unknown}
 v - a potion of cure mutation {unknown}
Comestibles
 c - 5 bread rations
 z - 5 chunks of flesh


   Skills:
 * Level 7.3 Fighting
 * Level 7.5 Axes
 + Level 3.2 Throwing
 + Level 5.3 Armour
 + Level 4.5 Dodging


You had 7 spell levels left.
You didn't know any spells.

Dungeon Overview and Level Annotations

Branches:
Dungeon (5/15)             Temple (0/1) D:4

Altars:


Innate Abilities, Weirdness & Mutations

You reflexively headbutt those who attack you in melee.
You have a pair of horns on your head.


Message History

The frilled lizard hisses angrily.
The centaur wields a shortbow.
The centaur shoots an arrow.
The arrow closely misses you.
The centaur shoots an arrow.
The arrow hits you! The frilled lizard bites you.
You see here an arrow.
You barely miss the frilled lizard. The frilled lizard barely misses you.
You closely miss the frilled lizard.
The centaur shoots an arrow.
The arrow hits you! The frilled lizard bites you.
The centaur shoots an arrow.
The arrow barely misses you. The frilled lizard closely misses you.
You slash the frilled lizard!
You kill the frilled lizard!
Trog accepts your kill.
The centaur shoots an arrow.
The arrow hits you!
* * * LOW HITPOINT WARNING * * *
An ogre comes into view. It is wielding a giant spiked club.
The ogre shouts!
The centaur shoots an arrow.
The arrow hits you!
* * * LOW HITPOINT WARNING * * *
The centaur shoots an arrow.
The arrow hits you.
You die...

#####.#.#### #........
#......(...# #>.....
####...)##.# #....
#.<....)...# #..# .
####....#..# #..# .#
##.#.#..###(.###.#
#.#.#...........##
#.#)#.####(......#
#.........@...c.O#
............#..........
.########.#....#.....##
######.#.....#
#.###.### #.# .# #.. .
#.. #


You could see an ogre and a centaur.

Vanquished Creatures
  The ghost of tizzy the Carver, a novice DsFi (D:5)
  Prince Ribbit (D:5)
  The ghost of stigmas the Insei, an amateur DsTm (D:4)
  The ghost of tizzy the Slasher, an amateur DsGl (D:3)
  An ogre (D:4)
  A bullfrog zombie (D:4)
  A bullfrog skeleton (D:5)
  An orc priest (D:5)
  A centaur skeleton (D:4)
  An orc wizard (D:4)
  A worker ant (D:4)
  2 adders
  An ooze (D:1)
  An adder skeleton (D:4)
  2 worms
  3 dart slugs
  4 leopard geckos
  8 orcs
  3 ball pythons
  5 bats
  6 giant cockroaches
  6 goblins
  4 hobgoblins
  4 jackals (D:2)
  A quokka (D:3)
  5 frilled lizards
  A jackal skeleton (D:4)
  7 kobolds
  4 rats
78 creatures vanquished.

Notes
Turn   | Place    | Note
-------+----------+-------------------------------------------
     0 | D:1      | shmeve the Minotaur Berserker began the quest for the Orb.
     0 | D:1      | Reached XP level 1. HP: 19/19 MP: 0/0
   160 | D:1      | Reached XP level 2. HP: 27/27 MP: 1/1
   711 | D:2      | Reached XP level 3. HP: 17/33 MP: 2/2
   711 | D:2      | Reached ** piety under Trog
  1356 | D:3      | Noticed tizzy's ghost (amateur DsGl)
  1368 | D:3      | Killed tizzy's ghost
  1368 | D:3      | Reached skill level 5 in Fighting
  1368 | D:3      | Reached skill level 5 in Axes
  1368 | D:3      | Reached skill level 1 in Throwing
  1368 | D:3      | Reached XP level 4. HP: 38/42 MP: 3/3
  1368 | D:3      | Reached XP level 5. HP: 44/48 MP: 4/4
  2067 | D:3      | You fall through a shaft!
  2067 | D:4      | Noticed an ogre
  2071 | D:4      | Killed an ogre
  2071 | D:4      | Reached XP level 6. HP: 56/56 MP: 5/5
  2520 | D:4      | Found a staircase to the Ecumenical Temple.
  2817 | D:4      | Noticed stigmas's ghost (amateur DsTm)
  2823 | D:4      | Killed stigmas's ghost
  2823 | D:4      | Reached XP level 7. HP: 63/63 MP: 6/6
  2947 | D:5      | Entered Level 5 of the Dungeon
  2947 | D:5      | Noticed tizzy's ghost (novice DsFi)
  2953 | D:5      | Noticed Prince Ribbit
  2957 | D:5      | Killed tizzy's ghost
  2957 | D:5      | Reached skill level 5 in Armour
  2957 | D:5      | Reached XP level 8. HP: 71/71 MP: 7/7
  2959 | D:5      | Killed Prince Ribbit
  2959 | D:5      | Reached *** piety under Trog
  3077 | D:5      | HP: 3/73 [centaur/arrow (9)]
  3077 | D:5      | Shot with an arrow by a centaur

Skill      XL: |  1  2  3  4  5  6  7  8 |
---------------+-------------------------+-----
Fighting       | 4 5 6 7 |  7.3
Axes           | 5 6 7 |  7.5
Throwing       | 1 2 3 |  3.2
Armour         | 3 4 5 |  5.3
Dodging        | 3 4 |  4.5

Action                   |  1- 3 |  4- 6 |  7- 9 || total
-------------------------+-------+-------+-------++-------
Melee: Hand axe          |    61 |    14 |       ||    75
       Headbutt          |    11 |     6 |     4 ||    21
       War axe           |       |    22 |    26 ||    48
Throw: Tomahawk          |    19 |    32 |     7 ||    58
       Javelin           |     1 |     1 |       ||     2
Invok: Berserk           |     2 |     2 |     1 ||     5
 Stab: Sleeping          |       |     1 |       ||     1
  Eat: Chunk             |     2 |     3 |     1 ||     6
       Meat ration       |       |     1 |       ||     1
Armor: Animal skin       |    13 |     3 |     2 ||    18
Dodge: Dodged            |    43 |    40 |    23 ||   106
